 Seeded DCSS version 0.30-a0-860-g512cf1e979 (webtiles) character file.

Game seed: 6377672650045367187 (custom seed)

52644 bmack86 the Severer (level 14, 0/127 HPs)
             Began as a Minotaur Fighter on Mar 8, 2023.
             Was the Champion of Okawaru.
             Slain by a black mamba (shapeshifter) (10 damage)
             ... on level 5 of the Lair of Beasts.
             The game lasted 00:44:08 (12146 turns).

bmack86 the Severer (Minotaur Fighter)             Turns: 12146, Time: 00:44:08

Health: 0/127      AC: 25    Str: 25    XL:     14   Next: 27%
Magic:  12/19      EV: 10    Int:  3    God:    Okawaru [******]
Gold:   2079       SH:  8    Dex: 10    Spells: 13/13 levels left

rFire   x . .      SeeInvis .    h - +7 broad axe (flame)
rCold   + . .      Faith    .    c - +0 buckler
rNeg    . . .      Spirit   .    g - +0 shadow dragon scales
rPois   .          Reflect  .    (helmet restricted)
rElec   .          Rampage  .    b - +0 cloak
rCorr   .          Rage     9%   D - +0 pair of gloves
Will    ++++.                    x - +2 pair of boots
Stlth   +++                      y - amulet of the Ancients {rC+ Will++ Regen+ Dex+3 Stlth-}
HPRegen 0.00/turn                q - +4 ring of protection
MPRegen 0.16/turn                w - ring of willpower

@: heroic, finesse-ful, sick, unable to read, unable to drink
A: horns 2, retaliatory headbutt, [berserk 2], [clumsy 2], [deformed body],
[dopey 1], [heat vulnerability 1], [inability to drink after injury 2],
[inability to read after injury 1]
a: Renounce Religion, Heroism, Finesse, Duel


You were on level 5 of the Lair of Beasts.
You worshipped Okawaru.
Okawaru was exalted by your worship.
You visited 3 branches of the dungeon, and saw 17 of its levels.
You visited the Abyss 1 time.

You collected 2079 gold pieces.

Inventory:

Hand Weapons
 a - a +0 war axe of draining
 h - a +7 broad axe of flaming (weapon)
Missiles
 k - 39 poisoned darts
 s - 7 throwing nets
 E - 6 boomerangs (quivered)
 G - a silver boomerang
 P - 2 curare-tipped darts
 R - a javelin
Armour
 b - a +0 cloak (worn)
 c - a +0 buckler (worn)
 g - +0 shadow dragon scales (worn)
 x - a +2 pair of boots (worn)
 D - a +0 pair of gloves (worn)
 O - the +3 hat of Pondering {ponderous, Will+ MP+10 Int+5}
   (You took it off Gastronok on level 11 of the Dungeon)

   Int:       It affects your intelligence (+5).
   MP:        It affects your magic capacity (+10).
   Will:      It increases your willpower.
Jewellery
 f - an amulet of regeneration
 q - a +4 ring of protection (left hand)
 u - a ring of willpower
 w - a ring of willpower (right hand)
 y - the amulet of the Ancients (around neck) {rC+ Will++ Regen+ Dex+3 Stlth-}
   (You found it on level 6 of the Dungeon)

   [amulet of regeneration]

   Dex:       It affects your dexterity (+3).
   rC:        It protects you from cold.
   Regen:     It increases your rate of health regeneration.
   Will:      It greatly increases your willpower.
   Stlth:     It makes you less stealthy.
 B - a +6 ring of strength
 Q - an amulet of reflection
 S - a +6 ring of strength
 V - the amulet of the Air {Inacc Air Fly rElec RMsl}
   (You found it on level 4 of the Lair of Beasts)

   [amulet of nothing]

   Inacc:     It reduces the accuracy of your attacks and spells.
   Air:       It enhances your air magic.
   rElec:     It insulates you from electricity.
   Fly:       It grants you flight.
   RMsl:      It protects you from missiles.
Wands
 C - a wand of digging (15)
 F - a wand of flame (19)
Scrolls
 j - 8 scrolls of teleportation
 l - 2 scrolls of fog
 t - a scroll of fear
 H - a scroll of blinking
 K - 3 scrolls of amnesia
Potions
 d - 2 potions of might
 e - 6 potions of curing
 i - 8 potions of heal wounds
 m - 2 potions of berserk rage
 n - a potion of resistance
 r - 2 potions of magic
 v - 2 potions of brilliance
 z - 7 potions of ambrosia
 I - a potion of invisibility
 M - a potion of cancellation {unknown}
 U - a potion of haste {unknown}


   Skills:
 + Level 12.4(17.4) Fighting
 * Level 16.5(21.5) Axes
 + Level 9.8(14.8) Throwing
 + Level 12.3(17.3) Armour
 + Level 12.4(17.4) Shields
 + Level 8.5 Invocations


You had 13 spell levels left.
You didn't know any spells.
Your spell library contained the following spells:

 Spells                   Type           Power      Damage    Failure   Level
 Sandblast                Erth           0%         2d4       94%         1
 Passwall                 Tmut/Erth      0%         N/A       98%         2
 Ozocubu's Armour         Ice            0%         N/A       100%        3
 Portal Projectile        Hex/Tloc       0%         N/A       100%        3
 Stone Arrow              Conj/Erth      0%         3d7       100%        3
 Blade Hands              Tmut           0%         N/A       100%        5
 Borgnjor's Vile Clutch   Necr/Erth      0%         N/A       100%        5
 Metabolic Englaciation   Hex/Ice        0%         N/A       100%        5
 Iron Shot                Conj/Erth      0%         9d1       100%        6
 Lehudib's Crystal Spear  Conj/Erth      0%         10d2      100%        8
 Tukima's Dance           Hex            Unusable   N/A       N/A         3
 Animate Armour           Summ/Erth      Unusable   N/A       N/A         4
 Animate Dead             Necr           Unusable   N/A       N/A         4
 Death Channel            Necr           Unusable   N/A       N/A         6
 Simulacrum               Ice/Necr       Unusable   N/A       N/A         6

Dungeon Overview and Level Annotations

Branches:
Dungeon (11/15)            Temple (1/1) D:7            Lair (5/5) D:11
 Shoals (0/4) Lair:2        Snake (0/4) Lair:2        Slime (0/5) Lair:4
    Orc: D:9-12

Altars:
Ashenzari
Dithmenos
Elyvilon
Fedhas
Hepliaklqana
Kikubaaqudgha
Makhleb
Nemelex Xobeh
Okawaru
Qazlal
Ru
Sif Muna
Uskayaw
Vehumet
Wu Jian
Xom
Yredelemnul
Zin
The Shining One
Jiyva

Shops:
D:6 *   D:9 *


Innate Abilities, Weirdness & Mutations

You have a pair of horns on your head.
You reflexively headbutt those who attack you in melee.
[You have an uncontrollable temper.]
[You are very clumsy. (Dex -4)]
[Armour fits poorly on your strangely shaped body.]
[You are dopey. (Int -2)]
[You are vulnerable to heat. (rF-)]
[You sometimes lose the ability to drink potions when taking damage.]
[You occasionally lose the ability to read scrolls when taking damage.]


Message History

Unknown command.
You hit the elephant but do no damage. Your headbutt misses the elephant.
The elephant is severely wounded.
You slash the elephant! You burn the elephant. You slash the elephant!
You burn the elephant. You slash the blink frog! You burn the blink frog.
The blink frog hits you but does no damage.
The elephant tramples you!
* * * LOW HITPOINT WARNING * * *
You hold your ground!
The elephant trunk-slaps you but does no damage.
The elephant barely misses you. You block the elephant's attack.
The elephant tramples you but does no damage.
The elephant trunk-slaps you but does no damage.
The blink frog blinks!
You slice the blink frog!! You burn the blink frog.
You kill the blink frog!
Okawaru accepts your kill.
You hit the blink frog. You burn the blink frog. You hit the elephant.
You burn the elephant. You slash the elephant! You burn the elephant.
You kill the elephant!
Okawaru accepts your kill.
You slash the elephant! You burn the elephant.
You kill the elephant!
Okawaru accepts your kill.
You feel the corruption within you wane somewhat.
You feel less vulnerable to heat.
You lose the ability to read scrolls when taking damage less often.
You feel clever.
Unknown command.
You hit the elephant. You burn the elephant.
The elephant is almost dead.
You completely miss the black mamba. You slash the blink frog!
You burn the blink frog! The blink frog hits you!
* * * LOW HITPOINT WARNING * * *
You slice the elephant!! You burn the elephant.
You kill the elephant!
Okawaru accepts your kill.
You closely miss the blink frog. You barely miss the black mamba.
The black mamba bites you!
You die...

♣♣♣♣ ♣♣♣ ♣♣
♣♣..♣♣♣♣.♣♣♣.♣
♣♣...........♣ .
♣♣......†÷...♣ ..
♣...♣♣.......♣♣
♣♣...
...♣♣♣♣♣♣♣♣...♣♣♣
♣..... ..♣♣♣♣♣
♣♣♣.§.♣♣x...♣
......♣ ♣♣..÷.(F♣
.♣.....♣
♣♣.†@S♣♣♣
.♣♣♣..... ♣..F♣♣♣
.♣ ♣♣... ♣...♣♣
♣♣ .. ♣...♣♣ .♣
.....♣ .♣♣ .....
..♣♣♣♣ ♣♣♣♣♣♣
.....♣ ♣.†.♣♣
♣♣♣♣♣


You could see a black mamba, 2 blink frogs and a small abomination.

Vanquished Creatures
  A tentacled starspawn (Abyss:2)
  Gastronok (D:11)
  A cacodemon (Abyss:2)
  A red draconian (Abyss:2)
  Snorg (Lair:3)
  3 hydras (Lair:5)
  A two-headed ogre (D:11)
  4 thrashing horrors (Abyss:2)
  A skyshark (Lair:5)
  A fire crab (Lair:3)
  Amaemon (D:8)
  2 large abominations (Abyss:2)
  A cyclops (D:11)
  17 elephants
  3 black mambas
  A smoke demon (Lair:5)
  An orange demon (D:8)
  A torpor snail (Lair:5)
  10 cane toads
  4 rime drakes
  2 unseen horrors
  2 kobold demonologists
  An ancient zyme (Abyss:2)
  6 komodo dragons
  2 polar bears (Lair:3)
  3 trolls
  2 hornets
  A queen bee (Lair:2)
  A meliai (shapeshifter) (Lair:5)
  7 raiju (Abyss:2)
  6 dream sheep
  28 blink frogs
  4 small abominations (Lair:5)
  A spriggan (Lair:5)
  A ynoxinul (Abyss:2)
  3 wraiths
  4 basilisks
  6 wyverns
  40 yaks
  A steam dragon (D:10)
  3 nagas (Lair:2)
  Edmund (D:4)
  A naga zombie (Abyss:2)
  12 water moccasins
  5 black bears
  4 ice beasts
  A sky beast (D:8)
  2 orc warriors (D:9)
  14 wolves
  An ogre (D:5)
  8 centaurs
  5 kobold brigands
  13 bullfrogs
  3 gnoll sergeants
  4 scorpions
  4 wights (D:8)
  38 killer bees
  An electric eel (Lair:2)
  4 howler monkeys
  A lava snake (D:9)
  2 hounds
  7 jellies
  3 orc priests
  5 gnoll boudas
  3 iguanas
  7 orc wizards
  7 hell rats (Lair:4)
  21 gnolls
  11 adders
  4 shadow imps
  A white imp (D:6)
  3 ufetubi
  A worm (D:2)
  The ghost of Esekla the Sneak, a weakling OpDe (D:5)
  2 dart slugs (D:3)
  25 orcs
  4 bats (D:3)
  4 endoplasms
  A giant cockroach (D:2)
  7 goblins
  5 hobgoblins
  5 jackals
  15 kobolds
  3 quokkas
  7 ball pythons
  2 frilled lizards (D:3)
  6 rats
  A spectral orc (D:10)
465 creatures vanquished.

Vanquished Creatures (others)
  10 demonic plants (Abyss:2)
  40 fungi
  47 plants
  2 starspawn tentacles (Abyss:2)
99 creatures vanquished.

Grand Total: 564 creatures vanquished

Notes
Turn   | Place    | Note
-------+----------+-------------------------------------------
     0 | D:1      | bmack86 the Minotaur Fighter began the quest for the Orb.
     0 | D:1      | Reached XP level 1. HP: 19/19 MP: 0/0
   224 | D:1      | You fall into a shaft and drop 1 floor!
   266 | D:2      | Reached XP level 2. HP: 21/27 MP: 1/1
   331 | D:1      | Reached skill level 3 in Axes
   793 | D:1      | Identified a scroll of acquirement
   793 | D:1      | Acquired a +4 broad axe of flaming
  1270 | D:2      | Reached XP level 3. HP: 33/33 MP: 2/2
  1628 | D:3      | Found a faded altar of an unknown god.
  1923 | D:4      | Reached XP level 4. HP: 31/39 MP: 3/3
  1926 | D:4      | Reached skill level 4 in Axes
  1933 | D:4      | Reached skill level 1 in Throwing
  2008 | D:4      | Noticed a scorpion
  2014 | D:4      | Killed a scorpion
  2015 | D:4      | Reached XP level 5. HP: 37/47 MP: 4/4
  2127 | D:4      | Found a glowing golden altar of the Shining One.
  2148 | D:4      | Noticed Edmund
  2159 | D:4      | Killed Edmund
  2160 | D:4      | Reached skill level 5 in Axes
  2160 | D:4      | Reached XP level 6. HP: 42/55 MP: 5/5
  2451 | D:5      | Entered Level 5 of the Dungeon
  2455 | D:5      | Noticed a water moccasin
  2460 | D:5      | Killed a water moccasin
  2461 | D:5      | Reached skill level 5 in Fighting
  2461 | D:5      | Reached skill level 5 in Armour
  2461 | D:5      | Reached skill level 5 in Shields
  2461 | D:5      | Reached XP level 7. HP: 61/61 MP: 6/6
  2678 | D:5      | Reached skill level 6 in Axes
  2976 | D:5      | Found a large runed translucent door.
  2977 | D:5      | Found a large runed translucent door.
  2980 | D:5      | Noticed Esekla's ghost (weakling OpDe)
  2991 | D:5      | Killed Esekla's ghost
  3418 | D:6      | Reached XP level 8. HP: 65/70 MP: 7/7
  3419 | D:6      | Reached skill level 7 in Axes
  3827 | D:6      | Found Zuegiv's General Store.
  3919 | D:6      | Reached skill level 8 in Axes
  4117 | D:6      | Reached XP level 9. HP: 51/78 MP: 8/8
  4261 | D:6      | Identified the amulet of the Ancients {rC+ Will++ Regen+
                  | Dex+3 Stlth-}
  4695 | D:7      | Reached skill level 9 in Axes
  4789 | D:7      | Found a staircase to the Ecumenical Temple.
  4882 | D:7      | Identified the +7 spear of Penynacu {holy, *Noise Fly rC+
                  | Dex+5}
  4955 | Temple   | Entered the Ecumenical Temple
  4978 | Temple   | Became a worshipper of Warmaster Okawaru
  5235 | D:7      | Found a glowing silver altar of Zin.
  5317 | D:8      | Identified the +2 robe "Negif" {Dex+2}
  5399 | D:8      | Reached skill level 1 in Invocations
  5568 | D:8      | Reached skill level 5 in Throwing
  5595 | D:8      | Noticed Amaemon
  5608 | D:8      | Killed Amaemon
  5608 | D:8      | Reached * piety under Okawaru
  5609 | D:8      | Reached skill level 10 in Axes
  5641 | D:8      | Noticed an orange demon
  5649 | D:8      | Killed an orange demon
  5650 | D:8      | Reached XP level 10. HP: 73/88 MP: 10/10
  5721 | D:8      | Reached ** piety under Okawaru
  6321 | D:9      | Noticed a sixfirhy
  6340 | D:9      | Found Maoxue's Lightly-Used Armoury.
  6367 | D:9      | Found a blossoming altar of Fedhas.
  6414 | D:9      | Reached *** piety under Okawaru
  6541 | D:9      | Reached skill level 11 in Axes
  6826 | D:10     | Entered Level 10 of the Dungeon
  7003 | D:10     | Found a basalt altar of Yredelemnul.
  7409 | D:10     | Found an ornate altar of the Wu Jian Council.
  7409 | D:10     | Found a faded altar of an unknown god.
  7413 | D:10     | Reached **** piety under Okawaru
  7423 | D:10     | Found a stormy altar of Qazlal.
  7426 | D:10     | Found a sacrificial altar of Ru.
  7430 | D:10     | Found a broken altar of Ashenzari.
  7602 | D:11     | Noticed Gastronok
  7612 | D:11     | Killed Gastronok
  7613 | D:11     | Reached XP level 11. HP: 77/97 MP: 13/13
  7662 | D:11     | Reached ***** piety under Okawaru
  7665 | D:11     | Found a staircase to the Lair.
  7668 | D:11     | Reached skill level 12 in Axes
  7677 | D:11     | Received a gift from Okawaru
  7759 | D:11     | Paralysed by a hornet for 1 turns
  7936 | D:11     | Noticed a two-headed ogre
  7939 | D:11     | Killed a two-headed ogre
  7939 | D:11     | Received a gift from Okawaru
  7940 | D:11     | Reached skill level 5 in Invocations
  8005 | D:11     | Identified the +0 leather armour of the Ecumenical Temple
                  | {MP-9 Str+3 Int+2}
  8240 | Lair:1   | Entered Level 1 of the Lair of Beasts
  8257 | Lair:1   | Identified the +0 chain mail "Hacada" {Str+6 Stlth-}
                  | (Okawaru gifted it to you on level 1 of the Lair of Beasts)
  8257 | Lair:1   | Received a gift from Okawaru
  8268 | Lair:1   | Reached skill level 13 in Axes
  8268 | Lair:1   | Reached skill level 10 in Shields
  8349 | Lair:1   | Reached skill level 10 in Fighting
  8349 | Lair:1   | Reached skill level 10 in Armour
  8352 | Lair:1   | Reached XP level 12. HP: 90/106 MP: 15/15
  9071 | Lair:1   | Acquired 799 gold pieces
  9393 | Lair:2   | Reached skill level 14 in Axes
  9507 | Lair:2   | Reached ****** piety under Okawaru
  9511 | Lair:2   | Received a gift from Okawaru
  9570 | Lair:2   | Found a staircase to the Snake Pit.
  9587 | Lair:2   | Found a staircase to the Shoals.
  9955 | Lair:3   | Reached XP level 13. HP: 102/116 MP: 17/17
  9969 | Lair:3   | Noticed Snorg
  9982 | Lair:3   | Killed Snorg
 10263 | Lair:3   | Identified the +7 battleaxe of the Pyrrhic Victory {venom,
                  | rPois rC+ Dex+3} (Okawaru gifted it to you on level 3 of
                  | the Lair of Beasts)
 10263 | Lair:3   | Received a gift from Okawaru
 10600 | Lair:4   | Reached skill level 15 in Axes
 10624 | Lair:4   | Found a staircase to the Slime Pits.
 10628 | Lair:4   | Found a viscous altar of Jiyva.
 10971 | Lair:4   | Found the amulet of the Air {Inacc Air Fly rElec RMsl}
 11181 | Lair:5   | Entered Level 5 of the Lair of Beasts
 11244 | Lair:4   | Received a gift from Okawaru
 11859 | Lair:5   | Reached skill level 16 in Axes
 11865 | Abyss:2  | Cast into level 2 of the Abyss (spriggan)
 11911 | Abyss:2  | Noticed a red draconian
 11936 | Abyss:2  | Noticed a cacodemon
 11937 | Abyss:2  | Noticed a tentacled starspawn
 11938 | Abyss:2  | Killed a red draconian
 11939 | Abyss:2  | Reached XP level 14. HP: 126/126 MP: 19/19
 11951 | Abyss:2  | Killed a tentacled starspawn
 11954 | Abyss:2  | Killed a cacodemon
 11992 | Abyss:2  | Received a gift from Okawaru
 12132 | Lair:5   | Escaped the Abyss
 12146 | Lair:5   | Slain by a black mamba (shapeshifter)

Illustrated notes

Levels and vault maps discovered:
D:1:      scummos_arrival_hexagon, layout_loops_corners, minmay_pentomino_v4
D:2:      layout_rooms
D:3:      layout_basic, ebering_ecumenical_altar_ruins,
          kennysheep_generic_room_3
D:4:      layout_rooms, lemuel_tele_altar, uniq_edmund
D:5:      layout_rooms, ebering_ghost_disaster_area
D:6:      minmay_clustersquares, layout_basic, serial_shops, shop
D:7:      layout_basic, zin_scriptorium, temple_hall, minmay_stone_trees_small
D:8:      layout_loops_ring, uniq_amaemon
D:9:      layout_irregular_city, fedhas_altar_2, minmay_shop_damaged,
          kennysheep_opposing_triangles
D:10:     layout_loops_ring, yredelemnul_forgotten_temple_becter,
          chequers_temple_overflow_minitemple
D:11:     layout_roguey, due_lair_maze_entry_diamond, uniq_gastronok
Temple:   nicolae_temple_bog_church
Lair:1:   layout_cave_pods
Lair:2:   layout_hall_layers, minmay_shoals_entry_centaurs,
          minmay_snake_entry_guardpost_small, special_room [special_room_bee],
          chequers_serial_rivers_large_a, infiniplex_staircase_pool
Lair:3:   layout_long_grid, uniq_snorg
Lair:4:   layout_misc_corridors, nicolae_slime_entry_field_trip
Lair:5:   hellmonk_lair_end_abyssal_woods, layout_layer_cave

Skill      XL: |  1  2  3  4  5  6  7  8  9 10 11 12 13 |
---------------+----------------------------------------+-----
Axes           | 3 4 5 6 8 10 11 13 14 16 | 16.5
Armour         | 4 5 6 7 9 10 11 12 | 12.3
Fighting       | 4 5 6 7 9 10 11 12 | 12.4
Shields        | 4 5 6 7 9 10 11 12 | 12.4
Throwing       | 1 2 3 4 5 6 7 8 9 |  9.8
Invocations    | 2 4 5 6 8 |  8.5

Action                     |  1- 3 |  4- 6 |  7- 9 | 10-12 | 13-15 || total
---------------------------+-------+-------+-------+-------+-------++-------
  Melee: War axe           |    45 |       |       |       |       ||    45
         Headbutt          |    15 |     6 |    33 |    86 |    62 ||   202
         Broad axe         |    36 |    36 |   174 |   371 |   264 ||   881
  Throw: Dart              |     2 |       |       |       |       ||     2
         Boomerang         |       |       |       |    17 |       ||    17
 Invoke: Heroism           |       |       |       |     3 |     3 ||     6
         Finesse           |       |       |       |     1 |     1 ||     2
  Evoke: Wand              |       |       |     1 |       |       ||     1
    Use: Scroll            |     6 |       |    15 |    10 |     2 ||    33
         Potion            |       |       |     2 |       |       ||     2
   Stab: Sleeping          |     3 |       |     2 |       |       ||     5
 Armour: Scale mail        |    19 |       |       |       |       ||    19
         Shadow dragon sca |    35 |    26 |   168 |   367 |   232 ||   828
  Dodge: Dodged            |    36 |    12 |    78 |   204 |   130 ||   460
  Block: Buckler           |    15 |     5 |    70 |   175 |   126 ||   391

Table legend: (Time is in decaauts)
 A = Elapsed time spent in this place.
 B = Non-inter-level travel time spent in this place.
 C = Inter-level travel time spent in this place.
 D = Time resting spent in this place.
 E = Time spent auto-exploring this place.
 F = Levels seen in this place.
 G = Mean time per level.
                   A        B        C        D        E       F      G
               +--------+--------+--------+--------+--------+-----+--------+
         Total |  12200 |  11820 |    380 |    367 |   7690 |  18 |  677.8 |
       Dungeon |   8299 |   7995 |    304 |    333 |   5380 |  11 |  754.5 |
        Temple |     53 |     38 |     15 |      0 |     24 |   1 |   53.0 |
          Lair |   3593 |   3532 |     61 |     34 |   2278 |   5 |  718.6 |
         Abyss |    253 |    253 |      0 |      0 |      8 |   1 |  253.0 |
               +--------+--------+--------+--------+--------+-----+--------+

Top non-repeatable levels by time:
     D:6: 1079 daAuts
     D:5: 928 daAuts
     D:1: 880 daAuts
     D:9: 863 daAuts
  Lair:1: 848 daAuts
     D:7: 829 daAuts
    D:10: 778 daAuts
  Lair:2: 731 daAuts
  Lair:3: 726 daAuts
     D:8: 680 daAuts
  Lair:4: 671 daAuts
    D:11: 642 daAuts
     D:3: 616 daAuts
  Lair:5: 615 daAuts
     D:4: 546 daAuts
